 Dungeon Crawl Stone Soup version 0.28.0 (webtiles) character file.

Game seed: 16557022333371071256

275 bromine the Chopper (level 6, -5/57 HPs)
             Began as a Deep Dwarf Abyssal Knight on Feb 12, 2022.
             Was a Believer of Lugonu.
             Slain by bande's ghost (11 damage)
             ... on level 4 of the Dungeon.
             The game lasted 00:10:29 (2720 turns).

bromine the Chopper (Deep Dwarf Abyssal Knight)     Turns: 2720, Time: 00:10:30

Health: -5/57      AC:  7    Str: 19      XL:     6   Next: 3%
Magic:  8/8        EV: 10    Int: 10      God:    Lugonu [**....]
Gold:   213        SH:  0    Dex:  9 (13) Spells: 4/5 levels left

rFire   . . .      SeeInvis .   k - +0 war axe
rCold   + . .      Faith    .   (no shield)
rNeg    . . .      Spirit   .   c - +1 scale mail
rPois   .          Reflect  .   (no helmet)
rElec   .          Harm     .   (no cloak)
rCorr   .          Rampage  .   (no gloves)
Will    .....                   (no boots)
Stlth   ..........              (no amulet)
HPRegen 0.00/turn               h - ring of protection from cold
MPRegen 0.11/turn               (no ring)

@: mighty
A: damage resistance, heal wounds, sense surroundings 1, no regeneration
a: Heal Wounds, Renounce Religion, Depart the Abyss, Bend Space


You were on level 4 of the Dungeon.
You worshipped Lugonu.
Lugonu was pleased with you.
You visited 1 branch of the dungeon, and saw 4 of its levels.
You visited the Abyss 1 time.

You collected 213 gold pieces.

Inventory:

Hand Weapons
 a - a +1 hand axe
 k - a +0 war axe (weapon)
Armour
 b - a +0 leather armour
 c - a +1 scale mail (worn)
Magical Staves
 e - a staff of poison
Jewellery
 h - a ring of protection from cold (left hand)
Wands
 j - a wand of polymorph (12)
Scrolls
 d - a scroll of fear
Potions
 g - a potion of ambrosia {unknown}
 i - a potion of haste


   Skills:
 + Level 3.7 Fighting
 + Level 4.9 Axes
 + Level 3.6 Armour
 + Level 1.7 Dodging
 + Level 0.1 Stealth
 + Level 3.1 Invocations


You had 4 spell levels left.
You knew the following spells:

 Your Spells              Type           Power      Damage    Failure   Level
a - Foxfire               Conj/Fire      0%         2x1d4     73%         1

Your spell library contained the following spells:

 Spells                   Type           Power      Damage    Failure   Level
 Conjure Flame            Conj/Fire      0%         6-21      97%         3
 Inner Flame              Hex/Fire       0%         N/A       97%         3
 Tukima's Dance           Hex            0%         N/A       97%         3
 Anguish                  Hex/Necr       0%         N/A       100%        4
 Flame Wave               Conj/Fire      0%         2d4       100%        4
 Enfeeble                 Hex            0%         N/A       100%        7


Dungeon Overview and Level Annotations

Branches:
Dungeon (4/15)
 Temple: D:4-7

Altars:
Fedhas
Gozag

Annotations:
D:4 1 transporter, bande's ghost, amateur GrFi


Innate Abilities, Weirdness & Mutations

You are resistant to damage.
You can heal yourself by infusing magical energy.
You passively map a small area around you.
You do not regenerate.


Message History

Bande's ghost hits you. The quasit barely misses you.
The quasit claws you but does no damage.
The quasit claws you.
You slash bande's ghost!
Bande's ghost is moderately damaged.
You slash the quasit! The quasit misses you.
The quasit claws you but does no damage. x2
Bande's ghost hits you but does no damage.
You barely miss bande's ghost. Your punch misses bande's ghost.
Bande's ghost is moderately damaged.
You completely miss the quasit. The quasit barely misses you.
The quasit claws you but does no damage.
The quasit barely misses you. Bande's ghost hits you!
The quasit bites you but does no damage.
The quasit claws you but does no damage.
The quasit closely misses you.
You slash bande's ghost!
Bande's ghost is severely damaged.
You slash the quasit!
You kill the quasit!
Lugonu accepts your kill. Bande's ghost completely misses you.
You feel your dexterity returning.
You have reached level 6!
You closely miss bande's ghost.
Bande's ghost is severely damaged.
Bande's ghost hits you!
* * * LOW HITPOINT WARNING * * *
Bande's ghost hits you but does no damage.
You hit bande's ghost.
Bande's ghost is severely damaged.
Bande's ghost hits you!
* * * LOW HITPOINT WARNING * * *
You barely miss bande's ghost. Your punch misses bande's ghost.
Bande's ghost is severely damaged.
Bande's ghost hits you.
You barely miss bande's ghost.
Bande's ghost is severely damaged.
Bande's ghost hits you!
You die...

#.#..#...©..##..#.#
##.#.##..# ..##.#.#
#....#.#.. *...#.#.#
#....#..#.##..##.#.#
#####....##.#...#.#©...#
...........#[#.....##...#
##.#####..©#!=.©#...#(.##
#...#..#...#.#..# *
#..##..@..#.##..#
#..#..#W#...#...# * *
###..#..#.#...#.#.# *
#>...##.......#.#.##### *
#.##..###...###.#.....#
#. ##...#####...#####.# #
###.......### *, * *
####.#### * * * #.#


You could see bande's ghost.

Vanquished Creatures
  A phantom (D:4)
  A scorpion (D:3)
  2 quasits (D:4)
  3 adders (D:2)
  A gnoll (D:2)
  A worm (D:2)
  2 dart slugs
  3 bats
  5 endoplasms
  3 giant cockroaches
  3 goblins
  5 hobgoblins
  2 jackals (D:2)
  A kobold (D:1)
  2 quokkas
  A ball python (D:2)
  2 frilled lizards
  4 rats
42 creatures vanquished.

Notes
Turn   | Place    | Note
-------+----------+-------------------------------------------
     0 | Abyss:1  | bromine the Deep Dwarf Abyssal Knight began the quest for
                  | the Orb.
     0 | Abyss:1  | Reached XP level 1. HP: 20/20 MP: 2/2
    18 | D:1      | Escaped the Abyss
   332 | D:1      | Reached XP level 2. HP: 21/27 MP: 4/4
   803 | D:2      | Found a blossoming altar of Fedhas.
   837 | D:2      | Reached XP level 3. HP: 12/34 MP: 5/5
   890 | D:2      | Found a faded altar of an unknown god.
   947 | D:2      | Reached ** piety under Lugonu
  1053 | D:2      | Reached skill level 3 in Axes
  1053 | D:2      | Reached XP level 4. HP: 19/42 MP: 6/6
  1899 | D:3      | Noticed a scorpion
  1911 | D:3      | Killed a scorpion
  2042 | D:3      | Found an opulent altar of Gozag.
  2075 | D:3      | Learned a level 1 spell: Foxfire
  2094 | D:3      | Reached XP level 5. HP: 29/49 MP: 7/7
  2611 | D:4      | Found a transporter.
  2615 | D:4      | Noticed bande's ghost (amateur GrFi)
  2641 | D:4      | Noticed a phantom
  2654 | D:4      | Killed a phantom
  2655 | D:4      | Reached skill level 4 in Axes
  2669 | D:4      | Found a transporter.
  2717 | D:4      | Reached XP level 6. HP: 22/57 MP: 8/8
  2720 | D:4      | Slain by bande's ghost

Illustrated notes

Levels and vault maps discovered:
D:1:      minmay_arrival_stair_chambers, layout_basic, st_stairs_12,
          due_unseen_surprise
D:2:      layout_rooms, nicolae_ecumenical_lake_church, serial_curves,
          eino_curves_01, eino_curves_01, basic_altar, minmay_unequal
D:3:      layout_rooms, grunt_gozag_breadcrumbs, grunt_decor_cap
D:4:      layout_loops_ring, gammafunk_ghost_stat_death, minmay_cupped,
          uniq_crazy_yiuf_cottage, uniq_blork_the_orc, uniq_edmund

Skill      XL: |  1  2  3  4  5 |
---------------+----------------+-----
Fighting       | 3 |  3.7
Invocations    | 3 |  3.1
Armour         | 3 |  3.6
Axes           | 3 4 |  4.9
Dodging        | |  1.7
Stealth        | |  0.1

Action                   |  1- 3 |  4- 6 || total
-------------------------+-------+-------++-------
Melee: Hand axe          |    78 |    61 ||   139
       Punch             |     3 |     2 ||     5
       War axe           |       |    23 ||    23
 Abil: Heal Wounds       |     1 |     2 ||     3
  Use: Potion            |     1 |     1 ||     2
       Scroll            |       |     8 ||     8
Armor: Scale mail        |    30 |    80 ||   110
Dodge: Dodged            |    31 |    85 ||   116
